 Dungeon Crawl Stone Soup version 0.20-a0-949-g916514f (webtiles) character file.

12579 Braga the Spear-Bearer (level 11, -4/72 HPs)
             Began as a Merfolk Skald on Apr 4, 2017.
             Was a Follower of Uskayaw.
             Slain by a seven-headed hydra (9 damage)
             ... on level 10 of the Dungeon on Apr 7, 2017.
             The game lasted 02:13:29 (16995 turns).

Braga the Spear-Bearer (Merfolk Skald)             Turns: 16995, Time: 02:13:29

Health: -4/72      AC: 12    Str: 11    XL:     11   Next: 95%
Magic:  19/19      EV: 24    Int: 17    God:    Uskayaw [*.....]
Gold:   658        SH:  9    Dex: 18    Spells: 4/21 levels left

rFire    . . .     SeeInvis .   g - +0 trident (flame)
rCold    . . .     Gourm    .   i - +1 buckler
rNeg     . . .     Faith    .   Y - +2 ring mail
rPois    .         Spirit   .   x - +0 helmet
rElec    .         Reflect  +   H - +0 cloak
rCorr    .         Harm     .   n - +0 pair of gloves
MR       +....                  S - +0 pair of boots
Stlth    ++........             j - +2 amulet of reflection
Regen    0.3/turn               k - ring of protection from magic
MPRegen  0.2/turn               M - +2 ring of evasion

@: agile, about to teleport
A: change form in water, swift swim, stealthy swim, mutation resistance 1,
screaming 1
a: Stomp, Renounce Religion


You were on level 10 of the Dungeon.
You worshipped Uskayaw.
Uskayaw was noncommittal.
You were not hungry.

You visited 2 branches of the dungeon, and saw 12 of its levels.
You also visited: Ossuary.

You collected 658 gold pieces.

Inventory:

Hand Weapons
 g - a +0 trident of flaming (weapon)
 F - a +2 spear of chaos
Missiles
 s - 307 arrows
 A - 2 throwing nets
 N - 5 tomahawks (quivered)
Armour
 i - a +1 buckler (worn)
 n - a +0 pair of gloves (worn)
 x - a +0 helmet (worn)
 H - a +0 cloak (worn)
 S - a +0 pair of boots (worn)
 Y - a +2 ring mail (worn)
Magical Staves
 V - an uncursed staff of poison {unknown}
Jewellery
 j - a +2 amulet of reflection (around neck)
 k - a ring of protection from magic (left hand)
 y - an uncursed ring of stealth
 z - an uncursed amulet of rage
 M - a +2 ring of evasion (right hand)
 W - a +2 ring of protection {unknown}
Wands
 b - a wand of enslavement (13/24)
 B - a wand of lightning (5/15)
 Q - a wand of iceblast (2/15)
 X - a wand of lightning (9/15)
Scrolls
 m - a scroll of amnesia {unknown}
 o - 6 scrolls of remove curse
 p - a scroll of fog {unknown}
 r - a scroll of summoning {unknown}
 u - 2 scrolls of enchant weapon
 C - 4 scrolls of fear
 E - 7 scrolls of teleportation
 I - a scroll of immolation {unknown}
 L - a scroll of magic mapping {unknown}
 R - a scroll of holy word {unknown}
 T - a scroll of silence {unknown}
Potions
 a - 3 potions of resistance
 e - 3 potions of might
 h - 3 potions of magic
 q - 2 potions of berserk rage
 w - 2 potions of agility
 D - a potion of invisibility {unknown}
 G - a potion of degeneration {unknown}
 J - a potion of mutation {unknown}
 K - a potion of ambrosia {unknown}
 O - a potion of brilliance
 P - a potion of haste {unknown}
 Z - a potion of flight {unknown}
Books
 c - a book of Battle

   Spells                             Type                      Level
   a - Infusion                       Charms                       1
   b - Shroud of Golubria             Charms/Translocation         2
   c - Song of Slaying                Charms                       2
   d - Spectral Weapon                Hexes/Charms                 3
   e - Regeneration                   Charms/Necromancy            3
 f - a book of Cantrips

   Spells                             Type                      Level
   a - Confusing Touch                Hexes                        1
   b - Animate Skeleton               Necromancy                   1
   c - Summon Small Mammal            Summoning                    1
   d - Apportation                    Translocation                1
 U - a book of Maledictions

   Spells                             Type                      Level
   a - Corona                         Hexes                        1
   b - Ensorcelled Hibernation        Hexes/Ice                    2
   c - Confuse                        Hexes                        3
   d - Tukima's Dance                 Hexes                        3
   e - Dazzling Spray                 Conjuration/Hexes            3
Comestibles
 d - 15 bread rations
 l - 5 chunks of flesh
 t - 7 fruits


   Skills:
 - Level 2.1 Fighting
 - Level 10.5 Polearms
 - Level 1.6 Throwing
 - Level 4.0 Armour
 - Level 9.9 Dodging
 - Level 6.3 Shields
 - Level 5.6 Spellcasting
 + Level 4.2 Hexes
 - Level 8.2 Charms
 - Level 3.0 Necromancy
 - Level 1.1 Translocations
 - Level 6.4 Invocations
 - Level 4.3 Evocations


You had 4 spell levels left.
You knew the following spells:

 Your Spells              Type           Power        Failure   Level  Hunger
a - Infusion              Chrm           ####         1%          1    None
b - Shroud of Golubria    Chrm/Tloc      ###.......   10%         2    #......
c - Spectral Weapon       Hex/Chrm       ####....     10%         3    ##.....
d - Regeneration          Chrm/Necr      ###.......   10%         3    ##.....
e - Song of Slaying       Chrm           ####....     1%          2    #......
f - Tukima's Dance        Hex            ###.....     17%         3    ##.....
g - Confuse               Hex            ###.....     17%         3    ##.....


Dungeon Overview and Level Annotations

Branches:
Dungeon (11/15)            Temple (1/1) D:4            Lair (0/6) D:11
    Orc (0/2) D:11

Altars:
Ashenzari
Cheibriados
Dithmenos
Elyvilon
Fedhas
Gozag
Hepliaklqana
Kikubaaqudgha
Makhleb
Nemelex Xobeh
Okawaru
Qazlal
Ru
Sif Muna
Trog
Uskayaw
Vehumet
Wu Jian
Xom
Yredelemnul
Zin
The Shining One

Shops:
D:8 %


Innate Abilities, Weirdness & Mutations

You revert to your normal form in water.
You are very nimble and swift while swimming.
You are very stealthy in the water. (Stealth+)
You are somewhat resistant to further mutation.
You occasionally shout uncontrollably at your foes.


Message History

The seven-headed hydra misses you.
You block the seven-headed hydra's attack.
The seven-headed hydra bites you but does no damage.
You block the seven-headed hydra's attack.
The seven-headed hydra bites you.
* * * LOW HITPOINT WARNING * * *
The seven-headed hydra completely misses you.
The seven-headed hydra bites you but does no damage.
You feel agile all of a sudden. The yak gores you!
* * * LOW HITPOINT WARNING * * *
The yak barely misses you.
The seven-headed hydra barely misses you.
The seven-headed hydra bites you!
* * * LOW HITPOINT WARNING * * *
The seven-headed hydra bites you but does no damage.
The seven-headed hydra closely misses you.
You block the seven-headed hydra's attack.
The seven-headed hydra bites you!
You die...

......#...'...........#.#.......#
......#..)#############.#####...#
..Z...#...).................#...#
..#####.)#######............#...#
..#......#.....#...##'####..'...#
..#......#.....#...#.....#..#..<#
..#......#.....#...#.....#..#...#
#.#......#.....#D..#..:..#..#...#
#.#......#.....#@Y.###+###..#...#
#.#......#.....#.Y..........#...#
#.#......#'#####..........###...#
#.#...............#####...#.....#
#.#...............# #..[#.....#
#.#...............# #.###......
..#....#####......# #.#....####
..#....#...#####..# #.#....#
..####.'.......#..# #.#....#


You could see a seven-headed hydra and 2 yaks.

Vanquished Creatures
  Harold (D:11)
  Erica (D:11)
  A death knight (D:11)
  2 two-headed ogres
  Nergalle (D:11)
  A wolf spider zombie (D:11)
  An ugly thing (D:11)
  A cyclops (D:11)
  A troll (D:10)
  2 hippogriffs (D:9)
  A spriggan (D:7)
  A wraith (D:11)
  A yak (D:10)
  3 hungry ghosts
  The ghost of Braga the Poker, an amateur MfSk of Uskayaw (D:3)
  2 hell hounds (D:11)
  3 orc warriors
  A porcupine (D:8)
  A hornet zombie (D:9)
  2 sky beasts
  3 ice beasts
  A black bear (D:11)
  9 ogres
  2 phantoms
  A centaur (shapeshifter) (D:7)
  7 centaurs
  2 crocodiles
  3 big kobolds
  7 bullfrogs
  Blork the orc (D:6)
  A gnoll sergeant (D:11)
  2 scorpions
  A wyvern skeleton (D:7)
  2 electric eels (D:8)
  2 howler monkeys
  2 crimson imps (D:6)
  4 centaur zombies
  3 quasits
  2 bullfrog skeletons
  A bullfrog zombie (D:10)
  2 jellies
  15 orc priests
  5 hounds
  3 centaur skeletons
  3 iguanas (D:7)
  11 orc wizards
  3 worker ants
  2 ogre zombies (Ossuary)
  A hound skeleton (D:8)
  7 mummies (Ossuary)
  A worker ant zombie (D:11)
  Robin (D:2)
  8 gnolls
  19 adders
  3 shadow imps
  3 oozes
  5 adder zombies
  3 adder skeletons
  3 dart slugs
  2 worms
  The ghost of M4edhros the Charlatan, a weakling OpAr (D:4)
  6 leopard geckos
  35 orcs
  3 bats
  6 giant cockroaches
  17 hobgoblins
  15 jackals
  6 quokkas
  6 ball pythons
  A ball python skeleton (D:4)
  2 frilled lizards
  11 goblins
  6 goblin zombies (Ossuary)
  4 hobgoblin zombies (Ossuary)
  18 kobolds
  5 kobold zombies (Ossuary)
  An orc zombie (Ossuary)
  A quokka skeleton (D:6)
  5 quokka zombies
  11 rats
  A rat zombie (Ossuary)
345 creatures vanquished.

Vanquished Creatures (others)
  An adder zombie (D:5)
  10 spectral weapons
11 creatures vanquished.

Grand Total: 356 creatures vanquished

Notes
Turn   | Place    | Note
-------+----------+-------------------------------------------
     0 | D:1      | Braga the Merfolk Skald began the quest for the Orb.
     0 | D:1      | Reached XP level 1. HP: 16/16 MP: 3/3
   194 | D:1      | Reached skill level 1 in Armour
   482 | D:1      | Reached XP level 2. HP: 16/22 MP: 5/5
   815 | D:1      | Learned a level 2 spell: Shroud of Golubria
  1436 | D:2      | Reached XP level 3. HP: 13/27 MP: 1/6
  2068 | D:2      | Learned a level 3 spell: Spectral Weapon
  2111 | D:2      | Noticed Robin
  2451 | D:2      | Reached skill level 1 in Translocations
  2451 | D:2      | Reached XP level 4. HP: 31/33 MP: 4/7
  2671 | D:2      | Reached skill level 1 in Hexes
  2733 | D:2      | Killed Robin
  2948 | D:3      | Noticed an ogre
  2948 | D:3      | Noticed Braga's ghost (amateur MfSk)
  3297 | D:2      | Reached XP level 5. HP: 33/38 MP: 2/8
  3561 | D:3      | Killed an ogre
  3561 | D:3      | Reached XP level 6. HP: 44/44 MP: 3/9
  3888 | D:3      | Killed Braga's ghost
  3888 | D:3      | Reached skill level 4 in Polearms
  3958 | D:3      | Learned a level 3 spell: Regeneration
  3961 | D:3      | Learned a level 2 spell: Song of Slaying
  4041 | D:3      | Reached skill level 1 in Necromancy
  4173 | D:3      | Reached XP level 7. HP: 50/50 MP: 6/11
  4502 | D:3      | Found a shimmering altar of Xom.
  4871 | D:4      | Found a staircase to the Ecumenical Temple.
  4875 | D:4      | Noticed M4edhros's ghost (weakling OpAr)
  4882 | D:4      | Killed M4edhros's ghost
  4918 | Temple   | Entered the Ecumenical Temple
  5170 | D:4      | Reached skill level 1 in Shields
  5764 | D:4      | Reached XP level 8. HP: 38/56 MP: 6/12
  6230 | D:5      | Entered Level 5 of the Dungeon
  6282 | D:5      | Reached skill level 5 in Shields
  6968 | D:5      | Found a sand-covered staircase.
  6977 | Ossuary  | Entered an ossuary
  7080 | Ossuary  | Reached skill level 5 in Polearms
  7189 | Ossuary  | Reached skill level 1 in Throwing
  7735 | D:6      | Reached XP level 9. HP: 55/61 MP: 14/14
  7860 | D:6      | Reached skill level 6 in Polearms
  7860 | D:6      | Reached skill level 5 in Dodging
  8490 | D:6      | Noticed Blork the orc
  8511 | D:6      | Killed Blork the orc
  8762 | D:6      | Reached skill level 5 in Charms
  8908 | D:6      | Gained mutation: You occasionally shout uncontrollably at your foes. [mutagenic meat]
  8909 | D:6      | Gained mutation: You are somewhat resistant to further mutation. [mutagenic meat]
  8992 | D:6      | Found a hide-covered altar of Uskayaw.
  9022 | D:6      | Became a worshipper of Uskayaw the Reveler
  9081 | D:7      | Reached * piety under Uskayaw
  9221 | D:7      | Reached skill level 7 in Polearms
  9355 | D:7      | Reached ** piety under Uskayaw
  9363 | D:7      | Reached *** piety under Uskayaw
  9383 | D:7      | Reached skill level 5 in Spellcasting
  9621 | D:7      | Reached XP level 10. HP: 67/67 MP: 14/17
 10042 | D:7      | Reached skill level 8 in Polearms
 10305 | D:8      | Noticed a two-headed ogre
 10328 | D:8      | Killed a two-headed ogre
 10632 | D:8      | Found Fuysi's Food Shoppe.
 10653 | D:8      | HP: 3/67 [electric eel/bolt of electricity (13)]
 11429 | D:8      | Found a sacrificial altar of Ru.
 11429 | D:8      | Found a radiant altar of Vehumet.
 11497 | D:8      | Found a deep blue altar of Sif Muna.
 11497 | D:8      | Found a shattered altar of Ashenzari.
 11551 | D:8      | Found a bloodstained altar of Trog.
 11621 | D:8      | Found a glowing golden altar of the Shining One.
 11821 | D:9      | Found a hazy altar of Hepliaklqana.
 11919 | D:9      | Reached skill level 9 in Polearms
 11919 | D:9      | Reached skill level 1 in Invocations
 12058 | D:9      | Noticed a tengu warrior
 12472 | D:10     | Entered Level 10 of the Dungeon
 12864 | D:10     | Reached XP level 11. HP: 58/72 MP: 6/19
 13352 | D:11     | Noticed Harold
 13372 | D:11     | Noticed a two-headed ogre
 13379 | D:11     | Noticed Nergalle
 13444 | D:11     | HP: 3/72 [something/bolt of negative energy (31)]
 13472 | D:11     | HP: 3/72 [Nergalle/bolt of negative energy (25)]
 13476 | D:11     | Killed Nergalle
 13826 | D:11     | Noticed a brown ugly thing
 13843 | D:11     | Killed a red ugly thing
 13843 | D:11     | Reached skill level 10 in Polearms
 13977 | D:11     | Reached skill level 5 in Invocations
 13981 | D:11     | Noticed a cyclops
 13990 | D:11     | Found a staircase to the Orcish Mines.
 14224 | D:11     | Found a staircase to the Lair.
 14463 | D:11     | Killed Harold
 14793 | D:11     | Killed a cyclops
 15339 | D:11     | Noticed a skeletal warrior
 15384 | D:11     | Noticed Erica
 15711 | D:11     | Noticed a seven-headed hydra
 15712 | D:11     | Noticed a skeletal warrior
 15833 | D:11     | Killed Erica
 16066 | D:11     | Noticed a skeletal warrior
 16072 | D:11     | Noticed a death knight
 16095 | D:10     | Killed a two-headed ogre
 16565 | D:10     | Learned a level 3 spell: Tukima's Dance
 16569 | D:10     | Learned a level 3 spell: Confuse
 16859 | D:11     | Noticed a death knight
 16877 | D:11     | Killed a death knight
 16995 | D:10     | Slain by a seven-headed hydra

Vault maps used:
D:1:      dpeg_arrival_houses_and_road, minmay_hexomino_c4
D:2:      first_bread, corexii_corridor_pit, uniq_robin
D:3:      tgw_xom
D:4:      minmay_temple_entry_crystal_x, minmay_misc_feat_tower
D:5:      enter_ossuary_1
D:6:      kennysheep_little_box, uniq_blork_the_orc
D:7:      minmay_door_square, the_bakery, kennysheep_generic_room_6
D:8:      marbit_many_paths, gammafunk_temple_overflow_elements, tso_metal_star,
          gammafunk_temple_overflow_wave, serial_shops, shop
D:9:      lemuel_doored_altar, lightli_corner_chamber
D:11:     cheibrodos_tormentor_scu, minmay_lair_entry_lava, orc_0_dummy,
          hangedman_decor_push, uniq_harold, uniq_nergalle, uniq_erica
Temple:   jpeg_temple_clearing
Ossuary:  ossuary_boxes_badplayer

Skill      XL: |  1  2  3  4  5  6  7  8  9 10 11 |
---------------+----------------------------------+-----
Armour         | 1 3 4 |  4.0
Dodging        | 3 4 7 9 |  9.9
Charms         | 4 5 7 8 |  8.2
Translocations | 1 |  1.1
Hexes          | 2 3 4 |  4.2
Polearms       | 4 5 7 9 10 | 10.5
Spellcasting   | 3 5 |  5.6
Necromancy     | 1 3 |  3.0
Shields        | 4 6 |  6.3
Throwing       | 1 |  1.6
Invocations    | 3 6 |  6.4
Evocations     | 4 |  4.3
Fighting       | |  2.1

Action                   |  1- 3 |  4- 6 |  7- 9 | 10-12 || total
-------------------------+-------+-------+-------+-------++-------
Melee: Spear             |   163 |   261 |   641 |   441 ||  1506
       Tailslap          |       |       |       |     4 ||     4
       Trident           |       |       |       |   219 ||   219
Throw: Stone             |    17 |    60 |    30 |       ||   107
       Tomahawk          |       |       |    17 |    36 ||    53
 Cast: Infusion          |     4 |     1 |     1 |     2 ||     8
       Shroud of Golubri |     6 |    24 |    60 |    72 ||   162
       Spectral Weapon   |       |     3 |    42 |    56 ||   101
       Regeneration      |       |       |     4 |    11 ||    15
       Confuse           |       |       |       |     4 ||     4
       Tukima's Dance    |       |       |       |     4 ||     4
       Song of Slaying   |       |       |       |     1 ||     1
Invok: Line Pass         |       |       |       |     2 ||     2
       Stomp             |       |       |       |     1 ||     1
 Abil: Evoke Berserk Rag |       |     1 |     2 |       ||     3
Evoke: Wand              |       |       |       |     4 ||     4
  Use: Scroll            |     1 |     1 |     7 |    14 ||    23
       Potion            |       |       |       |    16 ||    16
 Stab: Sleeping          |       |     3 |    13 |     4 ||    20
       Paralysed         |       |       |     7 |    13 ||    20
       Confused          |       |       |     5 |     1 ||     6
       Petrified         |       |       |     1 |    16 ||    17
       Distracted        |       |       |     1 |       ||     1
  Eat: Chunk             |     3 |     7 |    27 |    23 ||    60
       Meat ration       |     1 |       |     1 |       ||     2
       Royal jelly       |       |       |     1 |     3 ||     4
       Bread ration      |       |       |       |     1 ||     1
       Fruit             |       |       |       |     1 ||     1
Armor: Leather armour    |    20 |    64 |    87 |       ||   171
       Robe              |       |       |    11 |    42 ||    53
       Ring mail         |       |       |       |    98 ||    98
Dodge: Dodged            |    89 |   175 |   266 |   323 ||   853
Block: Buckler           |       |       |    78 |   173 ||   251
       Reflection        |       |       |     6 |     7 ||    13
